 Dungeon Crawl Stone Soup version 0.28.0-43-g3370ac3207 (webtiles) character file.

Game seed: 15159287162099047312

421 vvl the Stinger (level 6, -2/69 HPs)
             Began as a Demonspawn Venom Mage on Mar 23, 2022.
             Slain by an orc warrior
             ... wielding a +0 scimitar of holy wrath
              (7 damage)
             ... on level 4 of the Dungeon.
             The game lasted 00:07:05 (3527 turns).

vvl the Stinger (Demonspawn Venom Mage)             Turns: 3527, Time: 00:07:06

Health: -2/69      AC: 23    Str:  8    XL:     6   Next: 62%
Magic:  5/10       EV:  2    Int: 18    God:
Gold:   161        SH:  0    Dex: 14    Spells: 6/11 levels left

rFire   . . .      SeeInvis .   i - +3 short sword
rCold   . . .      Faith    .   s - orb {*channel}
rNeg    . . .      Spirit   .   (armour currently unavailable)
rPois   +          Reflect  .   (helmet currently unavailable)
rElec   .          Harm     .   (cloak currently unavailable)
rCorr   .          Rampage  .   (gloves currently unavailable)
Will    .....      NoTele   +   (boots currently unavailable)
Stlth   ++........              (no amulet)
HPRegen 0.21/turn               (no ring)
MPRegen 0.12/turn               (no ring)

@: tree-form
A: stationary, stasis, torment immunity, boosted hp, (icy blue scales 1), foul
stench 1, (spiny 2)
a: no special abilities


You were on level 4 of the Dungeon.
You were a tree.
You visited 1 branch of the dungeon, and saw 4 of its levels.

You collected 161 gold pieces.

Inventory:

Hand Weapons
 i - a +3 short sword (weapon)
 t - the +5 mace "Xorutt" {antimagic, Fragile rElec rC+++ Stlth+}
   (You found it on level 2 of the Dungeon)

   It reduces the magical energy of the wielder, and disrupts the spells and
   magical abilities of those it strikes.
   Natural abilities and divine invocations are not affected.
   rC:        It renders you almost immune to cold.
   rElec:     It insulates you from electricity.
   Fragile:   It will be destroyed if unequipped.
   Stlth:     It makes you more stealthy.
Armour
 a - a +0 robe (melded)
 p - a +0 helmet (melded)
 s - an orb of energy (worn)
Jewellery
 m - a ring of positive energy
Scrolls
 b - a scroll of enchant armour {unknown}
 c - a scroll of vulnerability {unknown}
 d - a scroll of noise {unknown}
 f - 2 scrolls of identify {unknown}
 k - a scroll of summoning {unknown}
 l - 4 scrolls of teleportation {unknown}
 r - a scroll of holy word {unknown}
Potions
 e - a potion of curing {unknown}
 g - 2 potions of haste {unknown}
 h - a potion of lignification
 j - a potion of ambrosia {unknown}
 n - 2 potions of brilliance {unknown}
 o - 2 potions of might {unknown}
 q - a potion of heal wounds {unknown}


   Skills:
 + Level 2.5 Fighting
 - Level 2.0 Dodging
 - Level 2.0 Stealth
 + Level 3.2 Spellcasting
 + Level 1.0 Necromancy
 + Level 2.6 Transmutations
 * Level 5.1 Poison Magic
 + Level 0.7 Evocations


You had 6 spell levels left.
You knew the following spells:

 Your Spells              Type           Power      Damage    Failure   Level
a - Sting                 Tmut/Pois      68%        1d6       3%          1
b - Olgreb's Toxic Radia  Pois           21%        N/A       19%         4

Your spell library contained the following spells:

 Spells                   Type           Power      Damage    Failure   Level
 Poisonous Vapours        Pois/Air       24%        N/A       9%          2
 Mephitic Cloud           Conj/Pois/Air  9%         N/A       24%         3
 Ozocubu's Armour         Ice            2%         N/A       43%         3
 Metabolic Englaciation   Hex/Ice        1%         N/A       99%         5
 Simulacrum               Ice/Necr       2%         N/A       100%        6


Dungeon Overview and Level Annotations

Branches:
Dungeon (4/15)
 Temple: D:4-7

Altars:
Ashenzari
Vehumet
The Shining One


Innate Abilities, Weirdness & Mutations

You are a tree.
Your roots penetrate the ground, keeping you stationary.
You cannot be teleported.
You are immune to unholy pain and torment.
Your maximum health is greatly increased.
Your equipment is partially melded.
((You are partially covered in icy blue scales. (AC +2)))
You may rarely emit foul miasma when damaged in melee.
((You are mostly covered in sharp spines.))


Message History

The orc wizard is struck by your spines.
You kill the orc wizard!
Your Necromancy skill increases to level 1!
The sting hits the orc warrior.
The orc warrior is poisoned.
The orc warrior is lightly wounded.
The sting hits the orc warrior.
The orc warrior looks even sicker.
The orc warrior is lightly wounded.
The orc warrior hits you with a +0 scimitar of holy wrath!
You convulse.
The sting hits the orc warrior but does no damage.
The orc warrior looks even sicker.
The orc warrior is moderately wounded.
An orc comes into view. It is wielding a +0 dagger.
An orc wizard comes into view. It is wielding a +1 dagger of venom.
An ogre comes into view. It is wielding a +0 giant club.
The ogre shouts!
The ogre moves out of view.
The orc warrior hits you with a +0 scimitar of holy wrath!!
You convulse!
* * * LOW HITPOINT WARNING * * *
It was a potion of lignification.
You turn into a tree.
Your +0 helmet melds into your body.
Your +0 robe melds into your body.
Your roots penetrate the ground.
The orc warrior hits you with a +0 scimitar of holy wrath.
* * * LOW HITPOINT WARNING * * *
You convulse.
* * * LOW HITPOINT WARNING * * *
The orc wizard shouts!
You hit the orc warrior.
The orc warrior is heavily wounded.
The orc warrior hits you but does no damage.
Casting: Sting (safe; 3% risk of failure)
Confirm with . or Enter, or press ? or * to list all spells.
Aiming: Sting (safe; 3% risk of failure)
Press: ? - help, Shift-Dir - straight line, f/p - orc warrior
Aim: an orc warrior, wielding a +0 scimitar of holy wrath and wearing a +0 chain mail (heavily wounded, poisoned, 71% to hit)
The sting hits the orc warrior.
The orc warrior looks even sicker.
The orc warrior is severely wounded.
The orc warrior hits you with a +0 scimitar of holy wrath!
You die...

## .. ##########
###.##......O.#######
#..oo....#o..oo♣....#
#)..#.##.#####.#
#<....##.# #.#
#..##.##.# #.#
#..##.##.# #.#
#........# #.###
####### .##.......
#...####.....# ..
.......
###........... #..
.......###
#..####.....#


You could see an orc warrior (very poisoned), an ogre, an orc wizard and an orc.

Vanquished Creatures
  A black bear (D:4)
  A scorpion (D:4)
  2 hounds (D:4)
  A centaur skeleton (D:4)
  An orc wizard (D:4)
  2 hound skeletons (D:4)
  3 adders
  An adder skeleton (D:4)
  3 dart slugs
  An orc (D:3)
  2 ball pythons
  A bat (D:2)
  7 endoplasms
  5 giant cockroaches
  7 goblins
  10 hobgoblins
  10 jackals
  12 kobolds
  6 quokkas
  7 frilled lizards
  4 rats
87 creatures vanquished.

Vanquished Creatures (others)
  13 plants (D:1)
13 creatures vanquished.

Grand Total: 100 creatures vanquished

Notes
Turn   | Place    | Note
-------+----------+-------------------------------------------
     0 | D:1      | vvl the Demonspawn Venom Mage began the quest for the Orb.
     0 | D:1      | Reached XP level 1. HP: 13/13 MP: 3/3
   200 | D:1      | Reached skill level 1 in Transmutations
   313 | D:1      | Gained mutation: You are partially covered in sharp spines.
                  | [demonic ancestry]
   313 | D:1      | Reached XP level 2. HP: 14/20 MP: 0/5
   414 | D:1      | Found a faded altar of an unknown god.
   670 | D:1      | Gained mutation: You are mostly covered in sharp spines.
                  | [demonic ancestry]
   670 | D:1      | Reached XP level 3. HP: 21/25 MP: 2/6
  1157 | D:1      | Reached skill level 1 in Fighting
  1401 | D:2      | You fall into a shaft and drop 2 floors!
  1579 | D:4      | Reached XP level 4. HP: 29/32 MP: 7/7
  1691 | D:4      | Noticed a scorpion
  1700 | D:4      | Killed a scorpion
  1701 | D:4      | Reached skill level 4 in Poison Magic
  1701 | D:4      | Gained mutation: You may rarely emit foul miasma when
                  | damaged in melee. [demonic ancestry]
  1701 | D:4      | Reached XP level 5. HP: 14/38 MP: 1/9
  2123 | D:4      | Found a broken altar of Ashenzari.
  2124 | D:4      | Noticed a black bear
  2130 | D:4      | Killed a black bear
  2524 | D:3      | Found a radiant altar of Vehumet.
  2645 | D:2      | Gained mutation: You are partially covered in icy blue
                  | scales. (AC +2) [demonic ancestry]
  2645 | D:2      | Reached XP level 6. HP: 44/44 MP: 7/10
  2977 | D:2      | Identified the +5 mace "Xorutt" {antimagic, Fragile rElec
                  | rC+++ Stlth+}
  2989 | D:2      | Learned a level 4 spell: Olgreb's Toxic Radiance
  3334 | D:4      | Reached skill level 5 in Poison Magic
  3510 | D:4      | Noticed an orc warrior
  3514 | D:4      | Reached skill level 1 in Necromancy
  3527 | D:4      | Slain by an orc warrior

Illustrated notes

Levels and vault maps discovered:
D:1:      heliophobic_arrival_glass_houses, layout_loops_ring,
          ebering_ecumenical_altar_sacrificial, lexackson_kobold_supper
D:2:      layout_rooms
D:3:      layout_rooms, nicolae_overflow_crystal_walls, tso_altar
D:4:      layout_loops_cross, old_standard_altar,
          eino_small_chamber_without_monster,
          hangedman_abyss_or_decor_lesser_grid

Skill      XL: |  1  2  3  4  5  6 |
---------------+-------------------+-----
Transmutations | 1 2 |  2.6
Stealth        | 2 |  2.0
Dodging        | 2 |  2.0
Fighting       | 1 2 |  2.5
Poison Magic   | 4 5 |  5.1
Spellcasting   | 3 |  3.2
Necromancy     | 1 |  1.0
Evocations     | |  0.7

Action                   |  1- 3 |  4- 6 || total
-------------------------+-------+-------++-------
Melee: Unarmed           |    56 |       ||    56
       Punch             |     1 |       ||     1
       Short sword       |     8 |    33 ||    41
 Cast: Sting             |    46 |    60 ||   106
  Use: Potion            |       |     1 ||     1
 Stab: Sleeping          |     1 |     1 ||     2
Armor: Robe              |    14 |    13 ||    27
       Skin              |       |     1 ||     1
Dodge: Dodged            |    48 |    42 ||    90
